cohdb
Replays
Latest Replays
All Replays
Popular Replays
Top Player Replays
Match Explorer
How It Works
Community
CoH3 Stats
Reddit
Sign in to upload your games and track your stats! →
Sign in with Steam
when the USF players whine too much
Match 42181586
Overview
Messages
Build Orders
End
Pioneer Squad
Pioneer Squad
Pioneer Squad
Construct Infanterie Kompanie
Grenadier Squad
Grenadier Squad
Construct Panzergrenadier Kompanie
Selects Terror Battlegroup
Selects Interrogate
251 Medium Carrier
Panzergrenadier Officer Quarters
Support Elements
Medical Bunker
StuG III G Assault Gun
Panzergrenadier Squad
Selects Heavy Gunnery
StuG III G Assault Gun
Side Skirts
Nebelwerfer 42 Rocket Launcher Team
Pak 40 Anti-tank Gun Team
Nebelwerfer 42 Rocket Launcher Team
Selects Defend the Fatherland
MG 42 Machine Gun Team
Construct Panzer Kompanie
Selects King Tiger Heavy Tank
King Tiger Heavy Tank
Selects Propaganda Leaflet Drop
Selects V1 Rocket Strike
MG 42 Machine Gun Team
Propaganda Leaflet Drop
MG 42 Machine Gun Team
StuG III G Assault Gun
Pioneer Squad
Panzergrenadier Squad
StuG III G Assault Gun
Pioneer Squad
V1 Rocket Strike
Pioneer Squad
Pioneer Squad
StuG III G Assault Gun
Propaganda Leaflet Drop
Pioneer Squad
Pioneer Squad
.:PSG:. RedxWings
Oziligath
0
0
Comments
sign in to comment!
No comments posted yet!